 Dungeon Crawl Stone Soup version 0.18-b1-22-ge198996 (webtiles) character file.

396 oplop the Sneak (level 6, 0/29 HPs)
             Began as a Vine Stalker Enchanter on May 4, 2016.
             Slain by an orc wizard
             ... wielding a +0 dagger
              (3 damage)
             ... on level 4 of the Dungeon.
             The game lasted 00:09:13 (3606 turns).

oplop the Sneak (Vine Stalker Enchanter)            Turns: 3606, Time: 00:09:13

Health: 0/29       AC:  4    Str: 11    XL:     6   Next: 82%
Magic:  0/11       EV: 13    Int: 15    God:
Gold:   200        SH:  0    Dex: 16    Spells: 4 memorised, 2 levels left

rFire  . . .     SeeInvis .     a - +1 dagger
rCold  . . .     Gourm    .     v - +1 animal skin
rNeg   . . .     Faith    .     (no shield)
rPois  .         Spirit   +     w - +0 helmet
rElec  .         Dismiss  .     (no cloak)
rCorr  .         Reflect  .     (no gloves)
SustAt .         Harm     .     (no boots)
MR     .....                    (no amulet)
Stlth  +++.......               (no ring)
                                (no ring)

@: very slightly contaminated, not resistant to hostile enchantments, fairly
stealthy
A: fangs 2, regeneration 2, magic shield, antimagic bite, no device heal 3, rot
immunity
a: no special abilities


You were on level 4 of the Dungeon.
You were hungry.

You visited 1 branch of the dungeon, and saw 4 of its levels.

You collected 200 gold pieces.

Inventory:

Hand Weapons
 a - a +1 dagger (weapon)
 s - a +2 short sword of flaming
Missiles
 C - a throwing net (quivered)
Armour
 v - a +1 animal skin (worn)
 w - a +0 helmet (worn)
Jewellery
 b - an uncursed ring of poison resistance {unknown}
Wands
 y - a wand of lightning (5/15)
Scrolls
 e - 2 scrolls of random uselessness {unknown}
 f - a scroll of recharging {unknown}
 h - 3 scrolls of enchant armour {unknown}
 l - a scroll of immolation {unknown}
 n - a scroll of fear {unknown}
 r - 2 scrolls of teleportation {unknown}
 t - 2 scrolls of enchant weapon {unknown}
 u - 3 scrolls of remove curse {unknown}
 E - a scroll of identify {unknown}
Potions
 g - a potion of curing {unknown}
 i - a potion of invisibility {unknown}
 j - 2 potions of cure mutation {unknown}
 m - 3 potions of might {unknown}
 o - 3 potions of heal wounds {unknown}
 p - a potion of haste {unknown}
 q - 2 potions of flight {unknown}
 x - a potion of lignification {unknown}
 D - a potion of agility {unknown}
Books
 c - a book of Maledictions

   Spells                             Type                      Level
   a - Corona                         Hexes                        1
   b - Ensorcelled Hibernation        Hexes/Ice                    2
   c - Confuse                        Hexes                        3
   d - Tukima's Dance                 Hexes                        3
   e - Dazzling Spray                 Conjuration/Hexes            3
 A - a book of Necromancy

   Spells                             Type                      Level
   a - Pain                           Necromancy                   1
   b - Animate Skeleton               Necromancy                   1
   c - Vampiric Draining              Necromancy                   3
   d - Regeneration                   Charms/Necromancy            3
   e - Animate Dead                   Necromancy                   4
   f - Control Undead                 Necromancy                   4
Comestibles
 d - 6 bread rations
 k - 2 beef jerkies
 z - a meat ration
 B - a chunk of flesh


   Skills:
 - Level 0.3 Fighting
 + Level 2.2 Short Blades
 + Level 3.3 Dodging
 + Level 5.5 Stealth
 + Level 3.2 Spellcasting
 + Level 4.1 Hexes


You had 2 spell levels left.
You knew the following spells:

 Your Spells              Type           Power        Failure   Level  Hunger
a - Corona                Hex            ##.....      4%          1    #......
b - Ensorcelled Hibernat  Hex/Ice        #.....       14%         2    ##.....
c - Confuse               Hex            ##......     14%         3    ###....
d - Tukima's Dance        Hex            ##......     14%         3    ###....


Dungeon Overview and Level Annotations

Branches:
Dungeon (4/15)
 Temple: D:4-7

Altars:
Cheibriados
Elyvilon
Fedhas
Okawaru
Pakellas
Qazlal
Ru


Innate Abilities, Weirdness & Mutations

You have extremely sharp teeth.
You heal very quickly.
When hurt, damage is shared between your health and your magic reserves.
Your bite disrupts and absorbs the magic of your enemies.
Potions and wands cannot restore your health.
You are immune to rotting.


Message History

The orc priest is moderately wounded.
The orc priest closely misses you. Something hits you.
You hit the orc priest.
The orc priest is moderately wounded.
Something hits you. The orc priest hits you.
You hit the orc priest but do no damage.
Your bite misses the orc priest.
The orc priest is moderately wounded.
Something hits you but does no damage. The orc priest hits you.
* * * LOW HITPOINT WARNING * * *
Something hits you.
* * * LOW HITPOINT WARNING * * *
You hit the orc priest but do no damage.
You bite the orc priest, but do no damage.
The orc priest is moderately wounded.
Your flail hits the orc priest but does no damage.
The orc priest hits you.
* * * LOW HITPOINT WARNING * * *
Something hits you.
You die...

######........##
#...............
#...............
#...............
#...............
#............... #
#####...............
#...##.#.........###'####
#.....(o@........#.......
#......#{........#.......
#....).#.........#.......
#......#.........#.......
#......#.........#.......
########.........###....#
........#'####'####
........#....#....+
........#....#....#


You could see an orc priest and a friendly flail.

Vanquished Creatures
  The ghost of no0bjke the Chopper, an amateur MiBe of Trog (D:3)
  Robin (D:2)
  9 gnolls
  2 adders
  An ooze (D:4)
  An adder zombie (D:3)
  2 worms
  4 dart slugs
  3 giant geckos
  7 orcs
  5 giant cockroaches
  21 goblins
  6 hobgoblins
  15 jackals
  6 kobolds
  A quokka (D:2)
  A ball python (D:3)
  4 bats
  2 giant newts (D:1)
  8 rats
100 creatures vanquished.

Vanquished Creatures (collateral kills)
  An ogre (D:4)
  A gnoll (D:4)
2 creatures vanquished.

Vanquished Creatures (others)
  3 dancing weapons
3 creatures vanquished.

Grand Total: 105 creatures vanquished

Notes
Turn   | Place    | Note
--------------------------------------------------------------
     0 | D:1      | oplop the Vine Stalker Enchanter began the quest for the Orb.
     0 | D:1      | Reached XP level 1. HP: 9/9 MP: 4/4
   138 | D:1      | Reached XP level 2. HP: 8/13 MP: 6/6
   245 | D:1      | Reached skill level 4 in Stealth
   521 | D:1      | Reached XP level 3. HP: 16/16 MP: 7/7
   936 | D:2      | Learned a level 2 spell: Ensorcelled Hibernation
  1365 | D:2      | Found a stormy altar of Qazlal.
  1509 | D:2      | Reached skill level 1 in Short Blades
  1525 | D:2      | Reached XP level 4. HP: 18/21 MP: 6/8
  1545 | D:2      | Noticed Robin
  1694 | D:2      | Killed Robin
  1881 | D:3      | Learned a level 3 spell: Confuse
  1966 | D:3      | Noticed no0bjke's ghost (amateur MiBe)
  2160 | D:3      | Found a sacrificial altar of Ru.
  2180 | D:3      | Found an oddly glowing altar of Pakellas.
  2181 | D:3      | Found a blossoming altar of Fedhas.
  2269 | D:3      | Reached XP level 5. HP: 19/25 MP: 5/9
  2338 | D:3      | Found a white marble altar of Elyvilon.
  2339 | D:3      | Found a snail-covered altar of Cheibriados.
  2354 | D:3      | Noticed an ogre
  2366 | D:3      | Learned a level 3 spell: Tukima's Dance
  2497 | D:3      | Killed no0bjke's ghost
  2596 | D:3      | Found an iron altar of Okawaru.
  2833 | D:3      | Reached skill level 5 in Stealth
  2833 | D:3      | Gained mutation: You heal very quickly. [Vine Stalker growth]
  2833 | D:3      | Reached XP level 6. HP: 25/29 MP: 6/11
  3606 | D:4      | Slain by an orc wizard

Skill      XL: |  1  2  3  4  5  6 |
---------------+-------------------+-----
Stealth        | 4 5 |  5.5
Dodging        | 2 3 |  3.3
Short Blades   | 1 2 |  2.2
Spellcasting   | 3 |  3.2
Hexes          | 4 |  4.1
Fighting       | |  0.3

Action                   |  1- 3 |  4- 6 || total
-------------------------+-------+-------++-------
Melee: Dagger            |   107 |   188 ||   295
       Bite              |    32 |    54 ||    86
       Short sword       |    20 |    49 ||    69
 Cast: Ensorcelled Hiber |       |    17 ||    17
       Confuse           |       |     6 ||     6
       Tukima's Dance    |       |    20 ||    20
 Stab: Sleeping          |     6 |    11 ||    17
       Distracted        |     1 |       ||     1
  Eat: Chunk             |     2 |     5 ||     7
       Meat ration       |       |     1 ||     1
Armor: Robe              |    43 |     6 ||    49
       Animal skin       |       |    43 ||    43
Dodge: Dodged            |    72 |   172 ||   244
